 Dungeon Crawl Stone Soup version 0.21-a0-528-gf531e82 (webtiles) character file.

3009 luca467 the Scholar of Death (level 9, -8/68 HPs)
             Began as a Mummy Necromancer on Dec 8, 2017.
             Was a Follower of Kikubaaqudgha.
             Mangled by an ogre
             ... wielding a +0 giant club
              (34 damage)
             ... on level 9 of the Dungeon.
             The game lasted 00:29:20 (11482 turns).

luca467 the Scholar of Death (Mummy Necromancer)   Turns: 11482, Time: 00:29:20

Health: -8/68      AC:  2    Str: 12    XL:     9   Next: 54%
Magic:  18/21      EV: 12    Int: 20    God:    Kikubaaqudgha [*.....]
Gold:   439        SH:  0    Dex: 17    Spells: 16/24 levels left

rFire    x . .     SeeInvis .   t - +6 short sword of Luef {pierce, rPois MR- Int+5 Dex+3}
rCold    + . .     Gourm    .   (no shield)
rNeg     + + +     Faith    .   a - +0 robe
rPois    ∞         Spirit   .   (no helmet)
rElec    .         Reflect  .   (no cloak)
rCorr    .         Harm     .   (no gloves)
MR       .....                  (no boots)
Stlth    ++........             (no amulet)
HPRegen  0.21/turn              (no ring)
MPRegen  0.17/turn              (no ring)

@: no status effects
A: no food or potions, fire vulnerability, cold resistance 1, negative energy
resistance 3, torment resistance, unbreathing
a: Receive Corpses, Renounce Religion


You were on level 9 of the Dungeon.
You worshipped Kikubaaqudgha.
Kikubaaqudgha was aware of your devotion.
You were not hungry.

You visited 2 branches of the dungeon, and saw 10 of its levels.

You collected 439 gold pieces.

Inventory:

Hand Weapons
 c - a +0 hunting sling
 i - a +0 dagger
 t - the +6 short sword of Luef (weapon) {pierce, rPois MR- Int+5 Dex+3}
   (You found it on level 6 of the Dungeon)

   It inflicts extra damage upon your enemies.
   It affects your intelligence (+5).
   It affects your dexterity (+3).
   It protects you from poison.
   It affects your resistance to hostile enchantments.
Missiles
 e - 2 throwing nets
 f - 193 stones (quivered)
 r - 33 sling bullets
Armour
 a - a +0 robe (worn)
 o - a +0 leather armour
Magical Staves
 u - an uncursed staff of wizardry
Wands
 s - a wand of digging (13)
 x - a wand of polymorph (13)
Scrolls
 d - 2 scrolls of teleportation
 g - 2 scrolls of enchant armour {unknown}
 h - 9 scrolls of identify
 j - 3 scrolls of remove curse
 k - a scroll of random uselessness {unknown}
 l - 3 scrolls of amnesia {unknown}
 m - a scroll of fog {unknown}
 n - 2 scrolls of magic mapping {unknown}
 p - a scroll of immolation {unknown}
 q - a scroll of fear {unknown}
 v - a scroll of noise {unknown}
Books
 b - a book of Necromancy

   Spells                             Type                      Level
   a - Pain                           Necromancy                   1
   b - Animate Skeleton               Necromancy                   1
   c - Vampiric Draining              Necromancy                   3
   d - Regeneration                   Charms/Necromancy            3
   e - Animate Dead                   Necromancy                   4
   f - Control Undead                 Necromancy                   4
 w - Kikubaaqudgha's Catalogue of Necromancy
   (Kikubaaqudgha gifted it to you on level 7 of the Dungeon)

   Spells                             Type                      Level
   a - Animate Skeleton               Necromancy                   1
   b - Pain                           Necromancy                   1
   c - Corpse Rot                     Necromancy                   2
   d - Vampiric Draining              Necromancy                   3
   e - Control Undead                 Necromancy                   4


   Skills:
 + Level 5.1 Fighting
 + Level 4.2 Short Blades
 - Level 1.5 Dodging
 - Level 1.5 Stealth
 + Level 8.0 Spellcasting
 * Level 9.9 Necromancy


You had 16 spell levels left.
You knew the following spells:

 Your Spells              Type           Power        Failure   Level  Hunger
a - Pain                  Necr           ####         1%          1    N/A
b - Animate Dead          Necr           N/A          1%          4    N/A
d - Vampiric Draining     Necr           #####.....   1%          3    N/A

Dungeon Overview and Level Annotations

Branches:
Dungeon (9/15)             Temple (1/1) D:6
   Lair: D:8-11         Orc: D:9-12

Altars:
Cheibriados
Dithmenos
Kikubaaqudgha
Ru
Sif Muna
Trog
Uskayaw
Vehumet

Shops:
D:7 *

Annotations:
D:2 Sigmund
D:5 Edmund


Innate Abilities, Weirdness & Mutations

You do not eat or drink.
Your flesh is vulnerable to fire.
You are immune to poison.
Your flesh is cold resistant. (rC+)
You are immune to negative energy. (rN+++)
You are immune to unholy pain and torment.
You can survive without breathing.


Message History

The ogre closely misses you.
You hit the ogre.
The ogre is moderately wounded.
You hit the ogre.
The ogre is heavily wounded.
The ogre hits you with a giant club!!
You hit the ogre.
The ogre is severely wounded.
The ogre hits you with a giant club!!
You are too injured to fight recklessly!
Casting: Vampiric Draining
Confirm with . or Enter, or press ? or * to list all spells.
Aiming: Vampiric Draining
Press: ? - help, Shift-Dir - straight line, f - ogre
Aim: an ogre, wielding a giant club (severely wounded)
The ogre is almost dead.
You feel life coursing into your body. The ogre hits you with a giant club!!
Ouch! That really hurt!
You die...
Kikubaaqudgha rasps: "You have failed me!
Welcome... oblivion!"

########## ##########
#..........
######........####......!...
#....'........'.##..........
..####........#..#).........
.## #........##@#....[.....
## #........##O#..........
#........##Y.........>.
#........####...(......
##+####### ##.######## #..#
#......... #......O..
#.........


You could see an ice beast and an ogre.

Vanquished Creatures
  Pikel (D:7)
  A wyvern (D:8)
  A black bear (D:6)
  4 slaves (D:7)
  4 sky beasts
  An ice beast (D:7)
  3 ogres
  A phantom (D:8)
  2 centaurs
  4 scorpions
  5 killer bees
  A howler monkey (D:6)
  A crimson imp (D:7)
  2 bullfrog zombies
  A jelly (D:6)
  2 hounds
  A centaur skeleton (D:6)
  An orc wizard (D:8)
  3 bullfrog skeletons
  4 iguanas
  7 worker ants
  A hound skeleton (D:7)
  3 gnolls (D:2)
  12 adders
  2 shadow imps (D:8)
  An ooze (D:5)
  An adder skeleton (D:7)
  4 worms
  A dart slug (D:5)
  2 leopard geckos
  15 orcs
  6 bats
  16 giant cockroaches
  7 goblins
  7 hobgoblins
  10 jackals
  9 kobolds
  3 quokkas
  4 ball pythons
  A frilled lizard (D:2)
  A quokka skeleton (D:7)
  10 rats
166 creatures vanquished.

Notes
Turn   | Place    | Note
-------+----------+-------------------------------------------
     0 | D:1      | luca467 the Mummy Necromancer began the quest for the Orb.
     0 | D:1      | Reached XP level 1. HP: 13/13 MP: 4/4
   126 | D:1      | Reached XP level 2. HP: 19/19 MP: 0/6
  1063 | D:1      | Reached XP level 3. HP: 24/24 MP: 7/7
  1319 | D:2      | Reached skill level 5 in Necromancy
  1337 | D:2      | Noticed Sigmund
  1394 | D:2      | Found a radiant altar of Vehumet.
  1397 | D:2      | Found a sacrificial altar of Ru.
  1429 | D:2      | Reached XP level 4. HP: 17/30 MP: 4/9
  2566 | D:3      | Learned a level 3 spell: Vampiric Draining
  2998 | D:3      | Learned a level 4 spell: Animate Dead
  3062 | D:3      | Reached XP level 5. HP: 15/35 MP: 5/11
  3647 | D:4      | Reached skill level 6 in Necromancy
  4146 | D:4      | Reached XP level 6. HP: 27/41 MP: 4/13
  4423 | D:5      | Entered Level 5 of the Dungeon
  4424 | D:5      | Found a shadowy altar of Dithmenos.
  4476 | D:5      | Reached skill level 5 in Spellcasting
  4529 | D:5      | Noticed Edmund
  4854 | D:5      | Noticed a sky beast
  4874 | D:5      | Killed a sky beast
  4874 | D:5      | Reached skill level 1 in Fighting
  5185 | D:5      | Reached skill level 1 in Short Blades
  5422 | D:5      | Found a deep blue altar of Sif Muna.
  5837 | D:5      | Reached skill level 7 in Necromancy
  5837 | D:5      | Reached XP level 7. HP: 44/49 MP: 8/15
  7133 | D:6      | Found a staircase to the Ecumenical Temple.
  7199 | Temple   | Entered the Ecumenical Temple
  7238 | Temple   | Became a worshipper of Kikubaaqudgha
  7466 | D:6      | Got an encrusted short sword
  7473 | D:6      | Identified the +6 short sword of Luef {pierce, rPois MR- Int+5 Dex+3} (You found it on level 6 of the Dungeon)
  7665 | D:6      | Reached XP level 8. HP: 49/57 MP: 17/17
  7826 | D:6      | Reached skill level 8 in Necromancy
  8538 | D:7      | Found Boaceo's General Store.
  8852 | D:7      | Reached * piety under Kikubaaqudgha
  8852 | D:7      | Identified Kikubaaqudgha's Catalogue of Necromancy (Kikubaaqudgha gifted it to you on level 7 of the Dungeon)
  8852 | D:7      | Received a gift from Kikubaaqudgha
  9380 | D:7      | Reached skill level 9 in Necromancy
  9436 | D:8      | Noticed Pikel
 10119 | D:7      | Reached XP level 9. HP: 48/65 MP: 12/19
 10387 | D:7      | Killed Pikel
 11189 | D:8      | Reached skill level 5 in Fighting
 11482 | D:9      | Mangled by an ogre

Vault maps used:
D:1:      minmay_arrival_checkered_box, minmay_hexomino_c4
D:2:      minmay_roachtagon, chequers_temple_overflow_statue_of_worship,
          uniq_sigmund
D:3:      fountainhead
D:5:      nicolae_dithmenos_shadow_blocks, led_sif_book, first_bread,
          uniq_edmund
D:6:      temple_statues
D:7:      serial_shops, kennysheep_little_box, grunt_ogre_cave
D:8:      uniq_pikel
D:9:      lightli_fourway_metalbox, uniq_gastronok
Temple:   dpeg_five_rooms_temple

Skill      XL: |  1  2  3  4  5  6  7  8  9 |
---------------+----------------------------+-----
Spellcasting   | 3 4 5 6 7 8 |  8.0
Necromancy     | 5 6 7 9 |  9.9
Fighting       | 1 2 4 5 |  5.1
Short Blades   | 1 2 3 4 |  4.2
Dodging        | |  1.5
Stealth        | |  1.5

Action                   |  1- 3 |  4- 6 |  7- 9 || total
-------------------------+-------+-------+-------++-------
Melee: Short sword       |    14 |       |   142 ||   156
       Unarmed           |     8 |       |       ||     8
       Dagger            |       |    11 |    21 ||    32
 Fire: Hunting sling     |   101 |   226 |    79 ||   406
Throw: Stone             |       |       |     1 ||     1
 Cast: Pain              |    31 |    44 |    48 ||   123
       Animate Dead      |       |     5 |       ||     5
       Vampiric Draining |       |    12 |    61 ||    73
  Use: Scroll            |     1 |     3 |       ||     4
 Stab: Sleeping          |       |       |     4 ||     4
       Distracted        |       |       |     1 ||     1
Armor: Robe              |    21 |    31 |    28 ||    80
Dodge: Dodged            |    63 |    89 |   176 ||   328

Table legend:
 A = Spawn XP
 B = Non-spawn XP
 C = Spawn XP percentage of total XP
 D = Spawn monster count
 E = Non-spawn monster count
 F = Spawn count percentage of total count
 G = Total turns spent on level
                    A         B        C        D         E        F      G
               +---------+---------+-------+---------+---------+-------+---------
         Total |       0 |    4299 |   0.0 |       0 |     162 |   0.0 | 11482
               +---------+---------+-------+---------+---------+-------+---------
           D:1 |       0 |      41 |   0.0 |       0 |      22 |   0.0 |  1142
           D:2 |       0 |     112 |   0.0 |       0 |      31 |   0.0 |  1224
           D:3 |       0 |      60 |   0.0 |       0 |      21 |   0.0 |   992
           D:4 |       0 |     214 |   0.0 |       0 |      12 |   0.0 |  1602
           D:5 |       0 |     388 |   0.0 |       0 |      13 |   0.0 |  1160
           D:6 |       0 |     837 |   0.0 |       0 |      23 |   0.0 |  1835
           D:7 |       0 |    1698 |   0.0 |       0 |      22 |   0.0 |  2394
           D:8 |       0 |     865 |   0.0 |       0 |      16 |   0.0 |   916
           D:9 |       0 |      84 |   0.0 |       0 |       2 |   0.0 |   146
               +---------+---------+-------+---------+---------+-------+---------
